 Dungeon Crawl Stone Soup version 0.20-a0-903-g7e3609c (webtiles) character file.

1696 Goblin1989 the Cruncher (level 9, 0/72 HPs)
             Began as a Kobold Gladiator on Mar 21, 2017.
             Slain by a centaur (2 damage)
             ... on level 5 of the Dungeon.
             The game lasted 00:09:03 (4921 turns).

Goblin1989 the Cruncher (Kobold Gladiator)          Turns: 4921, Time: 00:09:04

Health: 0/72       AC: 24    Str: 16    XL:     9   Next: 23%
Magic:  9/9        EV:  3    Int: 10    God:
Gold:   226        SH:  0    Dex: 16    Spells: 6/8 levels left

rFire    . . .     SeeInvis .   a - +0 quarterstaff
rCold    . . .     Gourm    .   (armour currently unavailable)
rNeg     + + +     Faith    .   (shield currently unavailable)
rPois    +         Spirit   .   (helmet currently unavailable)
rElec    .         Reflect  .   (cloak currently unavailable)
rCorr    .         Harm     .   (gloves currently unavailable)
MR       .....     NoTele   +   (boots currently unavailable)
Stlth    +.........             (no amulet)
Regen    0.3/turn               (no ring)
MPRegen  0.2/turn               (no ring)

@: tree-form
A: (horns 0), carnivore 3, strong 1, evolution 1
a: no special abilities


You were on level 5 of the Dungeon.
You were completely stuffed.
You were a tree.
You visited 1 branch of the dungeon, and saw 5 of its levels.

You collected 226 gold pieces.

Inventory:

Hand Weapons
 a - a +0 quarterstaff (weapon)
Missiles
 Z - 3 throwing nets (quivered) {!d, =f}
Armour
 g - a +0 chain mail
 i - a +0 ring mail (melded)
 r - a +0 cloak (melded)
 u - a +0 scale mail
Jewellery
 c - an uncursed ring of magical power {unknown}
Scrolls
 b - a scroll of immolation {unknown}
 e - 2 scrolls of fear {unknown}
 h - 3 scrolls of remove curse {unknown}
 k - 3 scrolls of amnesia {unknown}
 m - 2 scrolls of teleportation {unknown}
 n - 4 scrolls of identify {unknown}
 o - a scroll of random uselessness {unknown}
 s - a scroll of enchant armour {unknown}
Potions
 j - a potion of lignification
 l - a potion of berserk rage {unknown}
 p - a potion of flight {unknown}
Comestibles
 d - 3 royal jellies
 f - a meat ration {@e2}
 t - 7 chunks of flesh


   Skills:
 + Level 2.2 Fighting
 * Level 10.5 Staves
 - Level 2.1 Throwing
 + Level 0.0 Armour
 + Level 3.6 Dodging


You had 6 spell levels left.
You knew the following spells:

 Your Spells              Type           Power        Failure   Level  Hunger
b - Animate Skeleton      Necr           N/A          38%         1    ##.....
o - Apportation           Tloc           #.....       38%         1    ##.....


Dungeon Overview and Level Annotations

Branches:
Dungeon (5/15)
 Temple: D:4-7

Altars:
Ashenzari
Qazlal
Trog
Xom

Annotations:
D:5 Meriados's ghost, novice MfSk


Innate Abilities, Weirdness & Mutations

You are small and have problems with some larger weapons.
You are carnivorous and can eat meat at any time.
((You have a pair of small horns on your head.))
Your muscles are strong. (Str +2)
You evolve.


Message History

No target in view!
No target in view!
No target in view!
No target in view!
No target in view!
No target in view!
No target in view!
No target in view!
No target in view!
No target in view!
No target in view!
No target in view!
No target in view!
No target in view!
No target in view!
Some of the chunks of flesh in your inventory have rotted away.
A centaur comes into view.
The centaur shouts!
A centaur is nearby!
A centaur is nearby!
The centaur wields a shortbow.
The centaur shoots an arrow.
The arrow hits you.
Things that are here:
an arrow; 11 sling bullets You take 1 damage, and have 47/48 hp.
The centaur shoots an arrow.
The arrow hits you!
The centaur shoots an arrow.
The arrow hits you!
A crimson imp comes into view.
You see here 2 arrows.
You are too injured to fight recklessly!
You are too injured to fight recklessly!
You are too injured to fight recklessly!
You take 21 damage, and have 26/48 hp.
MASSIVE DAMAGE!!
You are too injured to fight recklessly!
You are too injured to fight recklessly!
You are too injured to fight recklessly!
You are too injured to fight recklessly!
You are too injured to fight recklessly!
You are too injured to fight recklessly!
You are too injured to fight recklessly!
You are too injured to fight recklessly!
You are too injured to fight recklessly!
You are too injured to fight recklessly!
You are too injured to fight recklessly!
You are too injured to fight recklessly!
You are too injured to fight recklessly!
You are too injured to fight recklessly!
You are too injured to fight recklessly!
You are too injured to fight recklessly!
You are too injured to fight recklessly!
You are too injured to fight recklessly!
You are too injured to fight recklessly!
You are too injured to fight recklessly!
You are too injured to fight recklessly!
You are too injured to fight recklessly!
You are too injured to fight recklessly!
You are too injured to fight recklessly!
Found a stone staircase leading down.
The centaur shoots an arrow.
The arrow hits you!
* * * LOW HITPOINT WARNING * * *
You hear a shout!
You take 7 damage, and have 19/48 hp.
The centaur shoots an arrow.
The arrow hits you!
* * * LOW HITPOINT WARNING * * *
You see here an arrow.
You take 7 damage, and have 12/48 hp.
The centaur unwields an uncursed shortbow.
The centaur barely misses you.
You barely miss the centaur. The centaur closely misses you.
The crimson imp hits you but does no damage.
The centaur closely misses you.
You hit the centaur.
The centaur is lightly wounded.
The centaur hits you!
* * * LOW HITPOINT WARNING * * *
You take 7 damage, and have 6/48 hp.
You barely miss the centaur.
The centaur is lightly wounded.
The crimson imp barely misses you. The centaur completely misses you.
Unknown command.
You sock the centaur!
You headbutt the centaur, but do no damage.
The centaur is heavily wounded.
The centaur barely misses you.
The crimson imp blinks!
You closely miss the centaur.
The centaur is heavily wounded.
The centaur hits you.
* * * LOW HITPOINT WARNING * * *
You take 5 damage, and have 1/48 hp.
You completely miss the centaur.
You headbutt the centaur, but do no damage.
The centaur is heavily wounded.
The centaur barely misses you.
It was a potion of lignification.
You turn into a tree.
Your +0 cloak melds into your body.
Your +0 ring mail melds into your body.
Your roots penetrate the ground.
The centaur hits you but does no damage. x2
You now have 2/72 hp.
It was a potion of magic.
Magic courses through your body. The centaur hits you.
You die...

....█ █.██.█
█............█
█.....
██............█
██....
.............█
██.█.█
█..........█
█.....
█.........█
█..█.█
█..5......██
█..█.█
█....c.....█
█.....
█....♣.>..█.
█.████
█████(██.███.
█.████ █((..█
█.███.....
█.█(██
█........
█.██.██
█.██.██.██
████.███.███.█
█.)).██
██.......█.█.██


█)█████ █..█████......█ █.█████ █..█ █......█ █...... You could see a centaur
and a crimson imp.

Vanquished Creatures
  A two-headed ogre (D:4)
  The ghost of feelmyfire the Sneak, a novice VSEn (D:3)
  Blork the orc (D:4)
  4 crimson imps
  A jelly (D:5)
  6 orc wizards
  2 orc priests
  A bullfrog skeleton (D:5)
  2 iguanas
  4 worker ants (D:4)
  7 adders
  A shadow imp (D:5)
  3 oozes
  An adder skeleton (D:5)
  3 worms
  4 leopard geckos
  18 orcs
  6 giant cockroaches
  9 goblins
  6 hobgoblins
  2 jackals (D:4)
  8 kobolds
  4 quokkas
  2 ball pythons
  14 bats
  5 frilled lizards
  A jackal skeleton (D:4)
  A leopard gecko skeleton (D:4)
  13 rats
131 creatures vanquished.

Notes
Turn   | Place    | Note
-------+----------+-------------------------------------------
     0 | D:1      | Goblin1989 the Kobold Gladiator began the quest for the Orb.
     0 | D:1      | Reached XP level 1. HP: 12/12 MP: 1/1
    82 | D:1      | Reached skill level 3 in Staves
   106 | D:1      | Reached XP level 2. HP: 17/17 MP: 2/2
   406 | D:1      | Reached XP level 3. HP: 20/21 MP: 3/3
   820 | D:2      | Reached skill level 4 in Staves
  1019 | D:2      | Reached XP level 4. HP: 26/26 MP: 4/4
  1079 | D:2      | Found a stormy altar of Qazlal.
  1457 | D:2      | Gained mutation: You have large cloven feet. [potion of mutation]
  1457 | D:2      | Gained mutation: You tend to lose your temper in combat. [potion of mutation]
  1457 | D:2      | Gained mutation: You are resistant to hostile enchantments. (MR+) [potion of mutation]
  1566 | D:2      | Reached XP level 5. HP: 27/30 MP: 5/5
  1772 | D:3      | Reached skill level 5 in Staves
  1775 | D:3      | Noticed feelmyfire's ghost (novice VSEn)
  2012 | D:3      | Killed feelmyfire's ghost
  2012 | D:3      | Reached skill level 6 in Staves
  2012 | D:3      | Reached XP level 6. HP: 27/35 MP: 6/6
  2036 | D:3      | Reached XP level 7. HP: 18/40 MP: 7/7
  2269 | D:3      | Found a shimmering altar of Xom.
  2397 | D:3      | Reached skill level 7 in Staves
  2617 | D:4      | Found a shattered altar of Ashenzari.
  3429 | D:4      | Noticed Blork the orc
  3452 | D:4      | Killed Blork the orc
  3727 | D:4      | Noticed a two-headed ogre
  3746 | D:4      | Killed a two-headed ogre
  3746 | D:4      | Reached skill level 9 in Staves
  3746 | D:4      | Reached XP level 8. HP: 44/44 MP: 8/8
  3869 | D:4      | Noticed a moth of wrath
  3878 | D:4      | Found a bloodstained altar of Trog.
  4025 | D:4      | Reached XP level 9. HP: 48/48 MP: 9/9
  4047 | D:5      | Entered Level 5 of the Dungeon
  4059 | D:5      | Reached skill level 10 in Staves
  4074 | D:5      | Learned a level 1 spell: Animate Skeleton
  4076 | D:5      | Learned a level 1 spell: Apportation
  4337 | D:5      | Noticed Meriados's ghost (novice MfSk)
  4469 | D:4      | Lost mutation: You are resistant to hostile enchantments. (MR+) [potion of mutation]
  4469 | D:4      | Lost mutation: You tend to lose your temper in combat. [potion of mutation]
  4469 | D:4      | Lost mutation: You have large cloven feet. [potion of mutation]
  4469 | D:4      | Gained mutation: You have a pair of small horns on your head. [potion of mutation]
  4469 | D:4      | Gained mutation: You evolve. [potion of mutation]
  4469 | D:4      | Gained mutation: Your muscles are strong. (Str +2) [potion of mutation]
  4918 | D:5      | HP: 1/48 [centaur (5)]
  4921 | D:5      | Slain by a centaur

Vault maps used:
D:1:      dpeg_arrival_round_c
D:2:      grunt_qazlal_clouds, serial_bayou, serial_bayou_pond_c,
          serial_bayou_pond_b, serial_bayou_pond_b, serial_bayou_pond_c
D:3:      led_xom_imps
D:4:      tgw_trog, nicolae_ashenzari_panopticon, uniq_blork_the_orc
D:5:      first_bread

Skill      XL: |  1  2  3  4  5  6  7  8  9 |
---------------+----------------------------+-----
Staves         | 3 4 6 9 10 | 10.5
Fighting       | |  2.2
Throwing       | |  2.1
Dodging        | |  3.6

Action                   |  1- 3 |  4- 6 |  7- 9 || total
-------------------------+-------+-------+-------++-------
Melee: Quarterstaff      |    81 |   125 |   259 ||   465
       Kick              |       |    20 |    57 ||    77
       Headbutt          |       |       |     8 ||     8
Throw: Throwing net      |       |       |     2 ||     2
  Use: Potion            |       |     4 |     3 ||     7
 Stab: Held in net/web   |       |       |     1 ||     1
  Eat: Chunk             |     9 |     3 |    10 ||    22
Armor: Leather armour    |     3 |       |       ||     3
       Ring mail         |    22 |    40 |    53 ||   115
       Skin              |       |       |     2 ||     2
Dodge: Dodged            |    66 |   102 |   140 ||   308

Vault maps used:
D:1:      dpeg_arrival_round_c
D:2:      grunt_qazlal_clouds, serial_bayou, serial_bayou_pond_c,
          serial_bayou_pond_b, serial_bayou_pond_b, serial_bayou_pond_c
D:3:      led_xom_imps
D:4:      tgw_trog, nicolae_ashenzari_panopticon, uniq_blork_the_orc
D:5:      first_bread
